 Dungeon Crawl Stone Soup version 0.15.0-34-g666c3a1 (webtiles) character file.

80 Johnny the Ruffian (level 4, -7/41 HPs)
             Began as a Troll Transmuter on Sept 16, 2014.
             Mangled by an orc
             ... wielding a +0 trident
              (10 damage)
             ... on Level 3 of the Dungeon.
             The game lasted 00:03:10 (1746 turns).

Johnny the Ruffian (Troll Transmuter)               Turns: 1746, Time: 00:03:12

HP  -7/41        AC  5     Str 18      XL: 4   Next: 18%
MP   2/4         EV 10     Int  9      God:
Gold 158         SH  0     Dex 11      Spells:  1 memorised,  4 levels left

rFire  . . .     SeeInvis .       - Unarmed
rCold  . . .     Clarity  .     c - +0 robe
rNeg   . . .     rCorr    .     (shield restricted)
rPois  .         rRot     .     (helmet restricted)
rElec  .         Spirit   .     (no cloak)
SustAb .         Warding  .     (gloves unavailable)
rMut   .         Stasis   .     (boots unavailable)
Gourm  +                        (no amulet)
MR     .....                    (no ring)
                                (no ring)

@: appendage (expiring), very slightly contaminated, not resistant to hostile
enchantments, very unstealthy
A: unfitting armour, claws 3, horns 2, fast metabolism 3, gourmand, regeneration
2, saprovore 2, shaggy fur 1, tough skin 2
a: End Transformation


You were on level 3 of the Dungeon.
You were full.
You had grown temporary horns.
You visited 1 branch of the dungeon, and saw 3 of its levels.

You collected 158 gold pieces.

Inventory:

Missiles
 b - 12 arrows
Armour
 c - a +0 robe (worn)
Magical devices
 m - a wand of magic darts (9) {unknown}
Comestibles
 a - 2 meat rations
 f - a slice of pizza
 h - 5 bread rations
 l - 3 fruits
Scrolls
 e - 3 scrolls of remove curse
 g - 4 scrolls of identify
Potions
 i - a potion of haste {unknown}
 k - a potion of magic {unknown}
 p - a potion of cancellation {unknown}
Books
 d - a book of Changes

   Spells                             Type                      Level
   *Beastly Appendage                 Transmutation                1
   Sticks to Snakes                   Transmutation                2
   Spider Form                        Transmutation/Poison         3
   Ice Form                           Ice/Transmutation            4
   Blade Hands                        Transmutation                5


   Skills:
 * Level 1.5 Fighting
 * Level 2.1 Dodging
 * Level 0.6 Stealth
 * Level 3.4 Unarmed Combat
 * Level 1.4 Spellcasting
 * Level 1.9 Transmutations


You had 4 spell levels left.
You knew the following spells:

 Your Spells              Type           Power        Failure   Level  Hunger
a - Beastly Appendage     Trmt           #.....       17%         1    ##.....


Dungeon Overview and Level Annotations

Branches:
Dungeon (3/15)

Altars:
Fedhas

Annotations:
D:3 WhatIsLove's ghost, weakling OgWz


Innate Abilities, Weirdness & Mutations

You are too large for most types of armour.
You have claws for hands.
Your metabolism is lightning-fast.
You like to eat raw meat.
You heal very quickly.
You can eat rotten meat.
You are covered in fur (AC +1).
You have very tough skin (AC +2).
You have a pair of horns on your head.


Message History

The orc priest hits you but does no damage.
Read which item? (? for menu, Esc to quit)
As you read the scroll labeled GUSEMA FEPIA, it crumbles to dust.
It is a scroll of enchant weapon.
You aren't carrying any weapons that can be enchanted.
The kobold closely misses you. The orc hits you but does no damage.
The orc hits you from afar with a trident.
* * * LOW HITPOINT WARNING * * *
The orc priest hits you with a hand axe.
* * * LOW HITPOINT WARNING * * *
WhatIsLove's ghost (weakling Ogre Wizard) comes into view.
Read which item? (? for menu, Esc to quit)
As you read the scroll labeled KAIQEA JIOM, it crumbles to dust.
You feel aware of your surroundings.
It was a scroll of magic mapping.
WhatIsLove's ghost turns its malevolent gaze towards you.
The orc priest barely misses you. The orc barely misses you.
The kobold barely misses you. The orc hits you but does no damage.
The orc hits you but does no damage.
The orc hits you from afar with a trident!
You die...

,,,*,,,,,,,...........,***,,,,,,,
,,,*,,,,,,..$..........* *,,,,,,,
,,,,,,,,,,#............* *,,,,,*,
**,,,,,,,,#..........###**,,,,,**
*,,,,,,,,#..%.......)..,*,,,,,,*
*,,,,,,..###...........o*,,,,,,*
*,,,,,*#........#**,,,.,*,,,,,,*
*,,,,,,........o###....W,,,,,,,,
*,,,,,,.[.....K@oo.#,,,,,,,,,,,,
**,,,,,,.......ooo..#,,,,,,,,*,,,
,**,,,,**........o..#,,,,,,,,*,,,
,,*,,,,**........(....,,,,,,**,,,
,,*,,,,**..........%.##***,,,,,,,
,,*,,,,,,,.##........#****,,,,,,,
,,*,,,,,,,,*#.........,,,,,,,,,,,
,,,,,,,,,,,*#........**,,,,,,,,,,
,,,,,,,,,,,*,,,...,,,,,,**,**,,,,


You could see 2 orc priests, WhatIsLove's ghost, 5 orcs and a kobold.

Vanquished Creatures
  4 adders (D:2)
  4 giant geckos
  A bat (D:2)
  11 hobgoblins
  A kobold (D:1)
  2 giant cockroaches (D:1)
  6 giant newts
  13 goblins
  7 rats
49 creatures vanquished.

Notes
Turn   | Place    | Note
--------------------------------------------------------------
     0 | D:1      | Johnny, the Troll Transmuter, began the quest for the Orb.
     0 | D:1      | Reached XP level 1. HP: 18/18 MP: 2/2
    69 | D:1      | Reached skill level 1 in Fighting
   154 | D:1      | Reached XP level 2. HP: 25/27 MP: 2/2
   837 | D:2      | Found a blossoming altar of Fedhas.
   845 | D:2      | Reached XP level 3. HP: 29/33 MP: 3/3
  1262 | D:2      | Reached XP level 4. HP: 39/41 MP: 4/4
  1745 | D:3      | HP: 2/41 [orc priest/hand axe (4)]
  1746 | D:3      | Noticed WhatIsLove's ghost (weakling OgWz)
  1746 | D:3      | Mangled by an orc

Action                   |  1- 3 |  4- 6 || total
-------------------------+-------+-------++-------
Melee: Unarmed           |    99 |    37 ||   136
 Cast: Beastly Appendage |       |     1 ||     1
  Use: Scroll            |       |     3 ||     3
 Stab: Sleeping          |     2 |       ||     2
  Eat: Chunk             |    13 |     5 ||    18
